Map: Year Zero LE

Players

esfrrr

  • Race: Zerg Zerg
  • League: Master
  • Spawn Location: 1:00

llllllllllll - Winner!

  • Race: Protoss Protoss
  • League: Master
  • Spawn Location: 11:00

VOD

Have the link to the VOD?

Description

Time

  • Played on: Feb. 11, 2019, 7:08 p.m.
  • Length: 14:44
Show
View Real Time Build Order
Export as new Build Order

esfrrr Zerg 

Build Orders: Pool First 

Get SALT Encoding   

  12  0:00  Drone  
  13  0:24  Spawning Pool  
  13  0:26  Extractor  
  13  0:28  Drone  
  12  0:32  Drone  
  13  0:38  Drone  
  14  0:46  Overlord  
  14  1:11  Zergling x2  
  14  1:12  Zergling x4  
  17  1:23  Zergling x2  
  18  1:28  Metabolic Boost  
  18  1:39  Zergling x2  
  19  1:53  Zergling x2  
  20  1:56  Zergling x2  
  21  2:10  Queen  
  20  2:25  Hatchery  
  19  2:37  Drone  
  19  2:42  Hatchery  
  19  2:45  Overlord  
  19  2:51  Drone  
  19  2:56  Drone  
  21  3:06  Drone  
  21  3:10  Queen  
  24  3:15  Drone  
  25  3:20  Drone  
  25  3:22  Drone  
  25  3:26  Drone  
  28  3:29  Drone  
  29  3:39  Drone  
  29  3:40  Drone  
  31  3:46  Queen  
  33  3:52  Overlord  
  33  3:56  Drone  
  33  3:57  Drone  
  33  4:00  Drone  
  36  4:04  Overlord  
  36  4:08  Drone  
  36  4:09  Drone  
  38  4:12  Drone  
  38  4:14  Drone  
  38  4:16  Drone  
  41  4:22  Overlord  
  41  4:26  Baneling Nest  
  41  4:28  Drone  
  41  4:33  Drone  
  41  4:34  Drone x2  
  44  4:51  Drone x5  
  44  4:52  Drone x3  
  52  4:55  Spore Crawler  
  52  4:57  Spore Crawler  
  50  5:00  Spore Crawler  
  50  5:04  Spore Crawler  
  48  5:07  Spore Crawler  
  48  5:09  Spore Crawler  
  46  5:14  Extractor  
  46  5:16  Drone x4  
  46  5:17  Drone  
  46  5:19  Drone  
  46  5:20  Drone  
  52  5:26  Drone  
  52  5:27  Lair  
  54  5:35  Drone  
  54  5:36  Drone x2  
  54  5:37  Extractor  
  54  5:38  Drone x2  
  54  5:39  Drone  
  58  5:43  Extractor  
  58  5:46  Drone  
  58  5:59  Overlord  
  58  6:00  Overlord x2  
  58  6:12  Overlord  
  58  6:13  Overlord x2  
  58  6:17  Queen  
  60  6:19  Drone  
  60  6:20  Drone x10  
  60  6:21  Extractor  
  70  6:27  Spire  
  69  6:48  Drone  
  69  6:49  Drone x4, Overlord  
  69  6:50  Overlord x3, Extractor  
  69  6:54  Drone  
  74  6:59  Drone x2  
  76  7:07  Drone x2  
  78  7:21  Hatchery x2  
  70  7:39  Mutalisk x10  
  70  7:40  Mutalisk  
  87  7:49  Spore Crawler x2  
  87  7:50  Drone  
  89  7:51  Drone x3  
  86  8:14  Hatchery  
  86  8:18  Zergling x12  
  91  8:22  Zergling x2  
  91  8:23  Zergling x4  
  91  8:25  Lair  
  94  8:28  Roach Warren  
  94  8:29  Overlord  
  93  8:34  Zergling x2  
  93  8:35  Zergling x2  
  95  8:41  Zergling x4  
  95  8:43  Queen  
  95  8:48  Drone x2  
  101  8:49  Drone x2  
  103  9:01  Zergling x2  
  103  9:02  Zergling x14  
  111  9:06  Drone x4  
  106  9:28  Zergling x12  
  106  9:29  Hydralisk Den, Zergling x10  
  116  9:37  Spore Crawler  
  116  9:38  Spore Crawler  
  108  9:40  Spore Crawler  
  108  9:41  Queen  
  108  9:42  Spore Crawler  
  108  9:44  Drone x3  
  108  9:45  Spore Crawler  
  104  10:08  Hydralisk  
  104  10:09  Hydralisk x7  
  104  10:13  Muscular Augments  
  104  10:14  Hydralisk x2  
  111  10:16  Hydralisk  
  111  10:27  Drone x3  
  111  10:28  Drone  
  115  10:45  Queen  
  115  10:47  Hydralisk  
  115  10:48  Hydralisk x5  
  129  10:54  Evolution Chamber  
  128  11:00  Hydralisk x3  
  128  11:03  Drone  
  128  11:04  Drone x2  
  126  11:20  Hydralisk x6  
  130  11:27  Grooved Spines, Zerg Missile Weapons Level 1  
  130  11:34  Hydralisk x2  
  130  11:39  Overlord  
  134  11:45  Hydralisk  
  136  11:51  Hatchery  
  136  11:54  Hydralisk x3  
  107  12:13  Hydralisk x7  
  112  12:19  Hydralisk x2  
  102  12:25  Zergling x8  
  102  12:26  Zergling x2  
  101  12:35  Zergling x2  
  101  12:36  Zergling x12  
  82  12:51  Hydralisk x4  
  68  12:56  Hydralisk x2  
  67  13:11  Hydralisk  
  67  13:12  Hydralisk x2  
Show
View Real Time Build Order
Export as new Build Order

llllllllllll Protoss - Winner!

Build Orders:  

Get SALT Encoding   

  12  0:01  Probe  
  13  0:13  Probe  
  14  0:25  Probe  
  14  0:28  Pylon  
  15  0:46  Probe  
  15  0:49  Forge  
  16  0:52  Gateway  
  16  0:58  Probe  
  17  1:10  Probe  
  18  1:25  Photon Cannon, Probe  
  19  1:34  Pylon  
  19  1:37  Probe  
  20  1:49  Probe  
  21  1:55  Gateway  
  20  2:01  Probe  
  20  2:02  Assimilator  
  20  2:06  Assimilator  
  21  2:11  Pylon  
  21  2:14  Zealot  
  23  2:29  Probe  
  24  2:41  Nexus, Probe  
  25  2:49  Probe  
  26  3:01  Cybernetics Core  
  26  3:05  Probe  
  27  3:14  Probe  
  27  3:15  Pylon  
  28  3:22  Probe  
  29  3:31  Probe  
  29  3:33  Pylon  
  29  3:41  Probe  
  30  3:44  Stargate  
  31  3:49  Probe  
  31  3:54  Assimilator, Probe  
  32  3:56  Assimilator  
  32  3:57  Probe  
  32  4:02  Probe  
  34  4:09  Probe  
  36  4:10  Probe  
  37  4:18  Probe x2  
  37  4:21  Void Ray  
  39  4:26  Probe x2  
  45  4:55  Stargate  
  45  4:57  Stargate  
  45  4:59  Pylon  
  45  5:09  Protoss Air Armor Level 1  
  45  5:14  Oracle  
  45  5:15  Probe  
  45  5:16  Probe  
  50  5:27  Probe  
  51  5:28  Probe  
  51  5:35  Pylon  
  52  5:39  Oracle, Probe  
  52  5:40  Probe  
  52  5:41  Oracle  
  60  5:43  Oracle  
  60  5:51  Probe  
  64  6:08  Oracle  
  64  6:16  Pylon  
  64  6:17  Pylon  
  67  6:18  Oracle, Twilight Council  
  67  6:22  Oracle, Gateway x2  
  67  6:25  Gateway  
  73  6:48  Oracle  
  76  6:55  Oracle  
  76  6:59  Pylon  
  79  7:03  Pylon  
  79  7:07  Gateway  
  79  7:19  Oracle  
  82  7:23  Charge  
  82  7:24  Zealot x3  
  88  7:40  Phoenix x2  
  94  7:51  Zealot  
  94  7:56  Phoenix  
  96  8:06  Phoenix x2  
  96  8:10  Zealot  
  96  8:11  Zealot x2  
  106  8:18  Zealot  
  108  8:28  Nexus  
  108  8:38  Zealot x2  
  109  8:55  Phoenix  
  110  9:08  Pylon  
  110  9:09  Zealot, Phoenix  
  110  9:10  Pylon  
  110  9:11  Pylon  
  110  9:16  Zealot  
  109  9:26  Zealot x2  
  113  9:36  Zealot, Phoenix x3  
  121  9:43  Zealot  
  123  9:53  Zealot x2  
  127  10:01  Phoenix x3  
  133  10:37  Pylon, Protoss Ground Weapons Level 1  
  133  10:38  Pylon  
  133  10:40  Pylon  
  133  10:42  Pylon  
  133  10:49  Pylon  
  133  10:51  Pylon  
  133  10:55  Void Ray, Zealot x2  
  133  10:56  Void Ray, Zealot x2  
  149  10:58  Void Ray  
  153  11:04  Photon Cannon  
  153  11:06  Photon Cannon  
  132  11:37  Void Ray  
  132  11:39  Void Ray  
  140  11:41  Void Ray  
  113  12:20  Void Ray  
  113  12:22  Void Ray  
  97  13:11  Void Ray x2  
  97  13:12  Void Ray  
  105  13:54  Void Ray x3  
Tags
 
Matchup
PvZ
Opening
Pool First
Spawn Locations
Close Positions
Add a new tag
Caveats
  • Supply blocks, unpowered buildings, or Contaminate may cause inaccurate times.
  • Supply counts are checked every 10 seconds.